 Dungeon Crawl Stone Soup version 0.31-a0-1338-gb567cfdca4 (webtiles) character file.

Game seed: 12690597628421492138

3847 Curundu the Protected (level 9, -7/118 HPs)
             Began as a Minotaur Berserker on Dec 22, 2023.
             Was an Elder of Trog.
             Killed by divine providence
             ... invoked by an orc priest
              (16 damage)
             ... on level 9 of the Dungeon.
             The game lasted 00:24:39 (8328 turns).

Curundu the Protected (Minotaur Berserker)          Turns: 8328, Time: 00:24:40

Health: -7/118     AC: 24    Str: 25    XL:     9   Next: 98%
Magic:  8/8        EV:  2    Int:  4    God:    Trog [****..]
Gold:   565        SH:  0    Dex: 11    Spells: 8/8 levels left

rFire   . . .        L - +5 morningstar
rCold   + . .        (no shield)
rNeg    . . .        f - melded +0 chain mail
rPois   +            (helmet currently unavailable)
rElec   .            (cloak currently unavailable)
rCorr   .            G - melded +0 pair of gloves
SInv    .            k - melded +0 pair of boots
Will    .....        (no amulet)
Stlth   +            t - ring of protection from fire
HPRegen 0.39/turn    n - ring of ice
MPRegen 0.11/turn

%: no passive effects
@: tree-form
A: stationary, stasis, torment immunity, boosted hp, (horns 2), (retaliatory
headbutt)
a: Renounce Religion, Berserk, Trog's Hand, Brothers in Arms


You were on level 9 of the Dungeon.
You worshipped Trog.
Trog was greatly pleased with you.
You were a tree.
You visited 1 branch of the dungeon, and saw 9 of its levels.

You collected 565 gold pieces.

Inventory:

Hand Weapons
 L - a +5 morningstar (weapon)
Missiles
 b - 7 poisoned darts
 e - 13 boomerangs (quivered)
 z - a throwing net
 K - 5 curare-tipped darts
Armour
 f - a +0 chain mail (melded)
 k - a +0 pair of boots (melded)
 G - a +0 pair of gloves (melded)
Magical Staves
 g - a staff of death
Jewellery
 n - a ring of ice (right branch)
 t - a ring of protection from fire (left branch)
 D - a ring of magical power
Wands
 r - a wand of charming (19)
 x - a wand of polymorph (4)
 B - a wand of light (14)
Scrolls
 h - 8 scrolls of identify {unknown}
 i - a scroll of revelation {unknown}
 j - 2 scrolls of enchant weapon {unknown}
 l - a scroll of blinking {unknown}
 p - 6 scrolls of fear {unknown}
 y - a scroll of enchant armour {unknown}
 A - a scroll of poison {unknown}
 C - a scroll of immolation {unknown}
 F - a scroll of butterflies {unknown}
 H - a scroll of torment {unknown}
 I - 2 scrolls of teleportation
 J - a scroll of noise {unknown}
Potions
 c - 4 potions of heal wounds {unknown}
 d - 2 potions of curing
 o - 2 potions of attraction {unknown}
 q - a potion of haste {unknown}
 s - a potion of berserk rage {unknown}
 u - 2 potions of might {unknown}
 v - a potion of enlightenment {unknown}
 w - 3 potions of lignification


   Skills:
 + Level 7.3 Fighting
 + Level 5.6 Short Blades
 + Level 6.9 Maces & Flails
 + Level 5.0 Polearms
 + Level 4.5 Throwing
 + Level 10.0 Armour
 + Level 4.8 Dodging
 + Level 1.0 Stealth


You had 8 spell levels left.
You didn't know any spells.
Your spell library was empty.

Dungeon Overview and Level Annotations

Branches:
Dungeon (9/15)             Temple (0/1) D:7
   Lair: D:8-11         Orc: D:9-12

Altars:
Dithmenos
Elyvilon
Ru
Trog
Vehumet
Wu Jian


Innate Abilities, Weirdness & Mutations

You are a tree.
Your roots penetrate the ground, keeping you stationary.
You cannot be teleported.
You are immune to unholy pain and torment.
Your maximum health is greatly increased.
Your equipment is partially melded.
((You have a pair of horns on your head.))
((You reflexively headbutt those who attack you in melee.))


Message History

The killer bee barely misses you.
The orc priest invokes the aid of Beogh against you.
Beogh smites you!
* * * LOW HITPOINT WARNING * * *
Your Armour skill increases to level 10!
You hit the death yak.
The death yak is lightly wounded.
The death yak barely misses you.
You sock the death yak!
The death yak is lightly wounded.
The death yak gores you.
* * * LOW HITPOINT WARNING * * *
It was a potion of curing.
You feel better. The death yak closely misses you.
It was a potion of lignification.
You turn into a tree.
Your +0 pair of gloves melds into your body.
Your +0 pair of boots melds into your body.
Your +0 chain mail melds into your body.
Your roots penetrate the ground.
The death yak gores you but does no damage.
You hit the death yak.
The death yak is moderately wounded.
The death yak gores you.
* * * LOW HITPOINT WARNING * * *
You hit the death yak but do no damage.
The death yak is moderately wounded.
The death yak gores you!
* * * LOW HITPOINT WARNING * * *
You puncture the death yak!
The death yak is moderately wounded.
The death yak gores you.
* * * LOW HITPOINT WARNING * * *
You hit the death yak.
The death yak is moderately wounded.
The death yak barely misses you.
The death yak gores you but does no damage.
You hit the death yak but do no damage.
The death yak is moderately wounded.
The orc priest invokes the aid of Beogh against you.
Beogh smites you!
You die...

#........#######.
#........'..>....
#........#######.
#........# #.
#........# ##
#........#
####'######
#<...# #♣#### #Y#


yYW ##+### #oYyY #..... ..oyo. #..... ........ +..... .......#. #.....
........... #..... #..... You could see 4 death yaks, a wraith, an orc warrior,
3 killer bees, an orc priest and an orc.

Vanquished Creatures
  A death yak (D:9)
  A hornet (D:9)
  A wyvern (D:9)
  A water moccasin (D:6)
  3 orc warriors
  An ogre (D:7)
  3 ice beasts
  2 centaurs (D:9)
  2 phantoms
  A kobold brigand (D:9)
  4 bullfrogs
  4 scorpions
  5 wights (D:9)
  3 howler monkeys
  4 hounds
  2 orc priests
  2 gnoll boudas
  2 jellies
  Jessica (D:2)
  4 iguanas
  9 orc wizards
  A scorpion zombie (D:8)
  A killer bee zombie (D:8)
  4 howler monkey skeletons (D:8)
  7 gnolls
  3 adders
  A shadow imp (D:8)
  A white imp (D:8)
  A bombardier beetle (D:5)
  2 ufetubi (D:7)
  3 worms
  5 dart slugs
  24 orcs
  6 ball pythons
  3 endoplasms
  2 giant cockroaches
  9 goblins
  6 hobgoblins
  9 jackals
  8 kobolds
  A quokka (D:2)
  9 bats
  2 frilled lizards (D:1)
  3 rats
167 creatures vanquished.

Notes
Turn   | Place    | Note
-------+----------+-------------------------------------------
     0 | D:1      | Curundu the Minotaur Berserker began the quest for the Orb.
     0 | D:1      | Reached XP level 1. HP: 19/19 MP: 0/0
   157 | D:1      | Reached XP level 2. HP: 17/27 MP: 1/1
  1259 | D:2      | Reached XP level 3. HP: 29/33 MP: 2/2
  1504 | D:2      | Reached ** piety under Trog
  1531 | D:2      | Noticed Jessica
  1538 | D:2      | Killed Jessica
  1539 | D:2      | Reached skill level 3 in Armour
  1906 | D:2      | Reached XP level 4. HP: 40/40 MP: 3/3
  1930 | D:2      | Reached skill level 1 in Throwing
  2047 | D:3      | Found a bloodstained altar of Trog.
  2794 | D:4      | Noticed a phantom
  2806 | D:4      | Killed a phantom
  2807 | D:4      | Reached skill level 1 in Short Blades
  2807 | D:4      | Reached skill level 4 in Armour
  2807 | D:4      | Reached XP level 5. HP: 32/47 MP: 4/4
  2996 | D:4      | Reached XP level 6. HP: 44/53 MP: 5/5
  3664 | D:5      | Entered Level 5 of the Dungeon
  3733 | D:5      | Reached skill level 5 in Polearms
  3777 | D:5      | Reached skill level 5 in Armour
  3813 | D:5      | Noticed an ice beast
  3827 | D:5      | Killed an ice beast
  3828 | D:5      | Reached skill level 5 in Fighting
  3828 | D:5      | Reached XP level 7. HP: 61/61 MP: 6/6
  4030 | D:5      | Reached skill level 6 in Armour
  4681 | D:6      | Reached XP level 8. HP: 69/69 MP: 7/7
  4790 | D:6      | Found a white marble altar of Elyvilon.
  4835 | D:6      | Reached *** piety under Trog
  5160 | D:6      | Reached skill level 5 in Short Blades
  5501 | D:7      | Reached skill level 7 in Armour
  5901 | D:7      | Reached skill level 8 in Armour
  6071 | D:7      | Reached skill level 1 in Maces & Flails
  6217 | D:7      | Found a staircase to the Ecumenical Temple.
  6490 | D:8      | Found a radiant altar of Vehumet.
  6490 | D:8      | Found a sacrificial altar of Ru.
  6525 | D:8      | Reached XP level 9. HP: 75/75 MP: 8/8
  7019 | D:8      | Found a shadowy altar of Dithmenos.
  7026 | D:8      | Found an ornate altar of the Wu Jian Council.
  7618 | D:9      | Reached **** piety under Trog
  7732 | D:9      | Reached skill level 5 in Maces & Flails
  7732 | D:9      | Reached skill level 9 in Armour
  7732 | D:9      | Reached skill level 1 in Stealth
  8071 | D:9      | Found the +7 staff of the Meek {protect, meekguard}
  8307 | D:9      | Noticed a death yak
  8307 | D:9      | Noticed a death yak
  8308 | D:9      | Noticed a death yak
  8308 | D:9      | Noticed a death yak
  8312 | D:9      | Noticed a death yak
  8312 | D:9      | Noticed a death yak
  8319 | D:9      | Killed a death yak
  8320 | D:9      | Reached skill level 10 in Armour
  8321 | D:9      | HP: 3/79 [death yak (5)]
  8328 | D:9      | Killed from afar by an orc priest

Illustrated notes

Levels and vault maps discovered:
D:1:      roadster_arrival_rocket_small, layout_loops_corners, serial_rivers,
          chequers_serial_rivers_micro_e, chequers_serial_rivers_micro_a,
          chequers_serial_rivers_micro_c, chequers_serial_rivers_micro_a
D:2:      layout_loops_corners, minmay_pentomino_x4, uniq_jessica
D:3:      layout_loops_ring, mainiacjoe_overflow_tiny_flanked,
          dreamdust_mushroom_princess, minmay_unequal
D:4:      layout_cave_pods, serial_park_tiny_2
D:5:      layout_rooms, hangedman_decor_diamond_cutter,
          nicolae_fountain_basement
D:6:      minmay_flawed_box, layout_cave_pools, elyvilon_altar_1
D:7:      layout_rooms, minmay_temple_entry_sparse_star, enter_bailey_3
D:8:      layout_basic, gammafunk_temple_overflow_statue, jmf_multi_god_temple2,
          mainiacjoe_ossuary_entry_find_the_door, minmay_misc_feat_x
D:9:      layout_roguey, dpeg_lair_monsters

Skill      XL: |  1  2  3  4  5  6  7  8  9 |
---------------+----------------------------+-----
Fighting       | 4 5 6 7 |  7.3
Polearms       | 4 5 |  5.0
Armour         | 3 4 5 6 8 10 | 10.0
Throwing       | 2 3 4 |  4.5
Short Blades   | 1 3 4 5 |  5.6
Dodging        | 3 4 |  4.8
Maces & Flails | 2 6 |  6.9
Stealth        | 1 |  1.0

Action                     |  1- 3 |  4- 6 |  7- 9 || total
---------------------------+-------+-------+-------++-------
  Melee: Spear             |    50 |     1 |       ||    51
         Headbutt          |     9 |    16 |    61 ||    86
         Dagger            |       |   122 |   163 ||   285
         Punch             |       |     1 |     1 ||     2
         Great mace        |       |       |   101 ||   101
         Morningstar       |       |       |    41 ||    41
  Throw: Boomerang         |    16 |    12 |    29 ||    57
 Invoke: Trog's Hand       |       |       |     1 ||     1
    Use: Scroll            |       |       |     2 ||     2
         Potion            |       |       |     2 ||     2
 Armour: Animal skin       |     9 |       |       ||     9
         Chain mail        |    29 |    88 |   361 ||   478
         Skin              |       |       |     5 ||     5
  Dodge: Dodged            |    16 |    62 |   191 ||   269

Table legend: (Time is in decaauts)
 A = Elapsed time spent in this place.
 B = Non-inter-level travel time spent in this place.
 C = Inter-level travel time spent in this place.
 D = Time resting spent in this place.
 E = Time spent auto-exploring this place.
 F = Levels seen in this place.
 G = Mean time per level.
                   A        B        C        D        E       F      G
               +--------+--------+--------+--------+--------+-----+--------+
         Total |   8356 |   8356 |      0 |   1027 |   5610 |   9 |  928.4 |
       Dungeon |   8356 |   8356 |      0 |   1027 |   5610 |   9 |  928.4 |
               +--------+--------+--------+--------+--------+-----+--------+

Top non-repeatable levels by time:
     D:6: 1190 daAuts
     D:1: 1072 daAuts
     D:7: 1053 daAuts
     D:8: 975 daAuts
     D:2: 973 daAuts
     D:9: 933 daAuts
     D:4: 927 daAuts
     D:3: 693 daAuts
     D:5: 537 daAuts
